 Dungeon Crawl Stone Soup version 0.32-a0-128-g77eb882913 (webtiles) character file.

Game seed: 5100972139677784487

72953 Nattfarinn the Metamorph (level 15, -11/127 HPs)
             Began as a Merfolk Shapeshifter on Feb 8, 2024.
             Was the Champion of Wu Jian.
             Mangled by a two-headed ogre
             ... wielding a +0 giant spiked club
              (17 damage)
             ... on level 2 of the Orcish Mines.
             The game lasted 00:58:09 (23294 turns).

Nattfarinn the Metamorph (Merfolk Shapeshifter)    Turns: 23294, Time: 00:58:11

Health: -11/127    AC: 11    Str: 36    XL:     15   Next: 41%
Magic:  15/15      EV: 16    Int:  9    God:    Wu Jian [******]
Gold:   1613       SH:  5    Dex: 13    Spells: 14/14 levels left

rFire   x .          .
                       - Unarmed
rCold   + . .        (shield currently unavailable)
rNeg    . . .        l - +2 robe of Qopn {rElec Str+3}
rPois   +            x - +2 helmet
rElec   +            W - +0 cloak
rCorr   .            (gloves currently unavailable)
SInv    .            h - +2 pair of boots
Will    +....        r - amulet of reflection
Stlth   ++           s - ring of Ignis's Scorn {Ice Str+4 Dex+2 Stlth+}
HPRegen 0.41/turn    F - +6 ring of strength
MPRegen 0.14/turn

%: reflection
@: blade hands, flying
A: (nimble swimmer 2), mertail
a: Begin Untransformation, Renounce Religion, Evoke Blink, Wall Jump, Serpent's
Lash, Heavenly Storm


You were on level 2 of the Orcish Mines.
You worshipped Wu Jian.
Wu Jian was exalted by your worship.
You had blades for hands.
You visited 4 branches of the dungeon, and saw 20 of its levels.
You also visited: Bailey.

You collected 1613 gold pieces.

Inventory:

Hand Weapons
 L - the +6 broad axe of Anxiety {antimagic, rPois rF+ rN++ Int-2}
   (You found it in a bailey)

   Int-2:     It affects your intelligence (-2).
   rF+:       It protects you from fire.
   rPois:     It protects you from poison rN++: It greatly protects you from
   negative energy.
Armour
 h - a +2 pair of boots (worn)
 l - the +2 robe of Qopn (worn) {rElec Str+3}
   (You found it on level 2 of the Dungeon)

   Str+3:     It affects your strength (+3).
   rElec:     It insulates you from electricity.
 x - a +2 helmet (worn)
 W - a +0 cloak (worn)
Jewellery
 g - a +6 ring of intelligence
 r - an amulet of reflection (around neck)
 s - the ring of Ignis's Scorn (left blade hand) {Ice Str+4 Dex+2 Stlth+}
   (You took it off an efreet on level 12 of the Dungeon)

   [ring of ice]

   Ice:       It enhances your ice magic.
   Str+4:     It affects your strength (+4).
   Dex+2:     It affects your dexterity (+2).
   rF-:       It makes you vulnerable to fire.
   rC+:       It protects you from cold.
   Stlth+:    It makes you more stealthy.
 v - a ring of protection from cold
 A - an amulet of magic regeneration
 F - a +6 ring of strength (right blade hand)
 H - a ring of fire
 N - the ring of the Middle {rPois rCorr}
   (You took it off a yaktaur on level 12 of the Dungeon)

   [ring of resist corrosion]

   rPois:     It protects you from poison rCorr: It protects you from acid and
   corrosion.
 U - a ring of ice
Talismans
 c - the blade talisman of Death's Door (active) {+Blink Fly rPois Dex-2}
   (You found it on level 5 of the Lair of Beasts)

   [blade talisman]

   Dex-2:     It affects your dexterity (-2).
   rPois:     It protects you from poison Fly: It grants you flight.
   +Blink:    It lets you blink.
 R - a maw talisman
Wands
 q - a wand of mindburst (24)
 O - a wand of flame (46)
 P - a wand of paralysis (2)
 S - a wand of iceblast (30)
 X - a wand of light (4)
Scrolls
 b - a scroll of acquirement {unknown}
 f - 2 scrolls of poison
 j - a scroll of noise
 n - a scroll of immolation {unknown}
 o - 2 scrolls of silence
 t - 2 scrolls of revelation {unknown}
 u - 3 scrolls of fear
 w - 4 scrolls of vulnerability
 y - 4 scrolls of teleportation
 B - 2 scrolls of fog
 E - 3 scrolls of enchant weapon
 G - a scroll of brand weapon {unknown}
 J - a scroll of butterflies {unknown}
 Z - a scroll of amnesia {unknown}
Potions
 a - a potion of lignification
 e - 3 potions of haste {unknown}
 i - 8 potions of curing
 p - 3 potions of berserk rage {unknown}
 z - 3 potions of attraction {unknown}
 C - 2 potions of might {unknown}
 D - a potion of enlightenment {unknown}
 I - 3 potions of mutation {unknown}
 K - 3 potions of brilliance {unknown}
 M - 3 potions of invisibility {unknown}
 Q - a potion of cancellation {unknown}
 T - 3 potions of ambrosia {unknown}
 Y - a potion of degeneration {unknown}


   Skills:
 - Level 14.5 Fighting
 + Level 10.4 Dodging
 - Level 16.3 Unarmed Combat
 - Level 20.0 Shapeshifting


You had 14 spell levels left.
You didn't know any spells.
Your spell library contained the following spells:

 Spells                   Type           Power      Damage    Failure   Level
 Foxfire                  Conj/Fire      0%         2x1d4     38%         1
 Magic Dart               Conj           0%         1d3       38%         1
 Sandblast                Erth           0%         2d4       38%         1
 Shock                    Conj/Air       0%         1d3       38%         1
 Cigotuvi's Dreadful Rot  Necr/Alch/Air  0%         N/A       52%         2
 Ensorcelled Hibernation  Hex/Ice        0%         N/A       52%         2
 Searing Ray              Conj           0%         2d4       52%         2
 Static Discharge         Conj/Air       0%         3-3/arc   52%         2
 Fugue of the Fallen      Necr           0%         N/A       77%         3
 Passwall                 Erth           0%         N/A       77%         3
 Stone Arrow              Conj/Erth      0%         3d7       77%         3
 Swiftness                Air            0%         N/A       77%         3
 Tukima's Dance           Hex            0%         N/A       77%         3
 Airstrike                Air            0%         2d(0-16)  99%         4
 Anguish                  Hex/Necr       0%         N/A       99%         4
 Brom's Barrelling Bould  Conj/Erth      0%         2d3       99%         4
 Fulminant Prism          Conj/Alch      0%         3d5       99%         4
 Passage of Golubria      Tloc           0%         N/A       99%         4
 Petrify                  Alch/Erth      0%         N/A       99%         4
 Summon Blazeheart Golem  Fire/Summ      0%         N/A       99%         4
 Summon Lightning Spire   Summ/Air       0%         N/A       99%         4
 Alistair's Intoxication  Alch           0%         N/A       100%        5
 Yara's Violent Unravell  Hex/Alch       0%         3d3       100%        5
 Plasma Beam              Fire/Air       0%         2x1d10    100%        6
 Sculpt Simulacrum        Ice/Alch       0%         N/A       100%        6
 Starburst                Conj/Fire      0%         6d3       100%        6
 Orb of Destruction       Conj           0%         9d5       100%        7
 Ozocubu's Refrigeration  Ice            0%         4d7       100%        7
 Spellforged Servitor     Conj/Summ      0%         N/A       100%        7
 Polar Vortex             Ice            0%         N/A       100%        9


Dungeon Overview and Level Annotations

Branches:
Dungeon (12/15)            Temple (1/1) D:5            Lair (5/5) D:8
  Swamp (0/4) Lair:2       Spider (0/4) Lair:2        Slime (0/5) Lair:4
    Orc (2/2) D:9             Elf (0/3) Orc:2        Bailey (visited)

Altars:
Ashenzari
Dithmenos
Elyvilon
Fedhas
Gozag
Hepliaklqana
Makhleb
Nemelex Xobeh
Okawaru
Qazlal
Ru
Sif Muna
Trog
Uskayaw
Wu Jian
Xom
Yredelemnul
Zin
Jiyva

Shops:
D:8 *   D:12 **

Annotations:
D:3 1 runed translucent door, Crazy Yiuf
D:4 exclusion: oklob plant
D:8 1 runed translucent door
D:12 1 runed translucent door


Innate Abilities, Weirdness & Mutations

You have blades for hands.
You are incapable of wielding weapons or throwing items.
((You are very nimble when in or above water. (Stealth+, EV+, Speed+++)))
Your lower body shifts to a powerful aquatic tail in water.


Message History

The Council accepts your kill. Something hits you but does no damage.
The troll attacks as it pursues you! The troll bites you but does no damage.
The troll claws you! The troll claws you.
Unknown command.
The troll misses you. x2; The troll claws you but does no damage.
Things that are here:
a +0 chain mail; a +0 club; an orc skeleton Unknown command.
You closely miss the two-headed ogre. The ogre closely misses you.
The troll bites you but does no damage. The troll claws you!
The troll claws you but does no damage.
Unknown command.
You shred the troll!!!
You kill the troll!
The Council accepts your kill. The two-headed ogre barely misses you.
The two-headed ogre hits you with a +0 giant spiked club!
The troll misses you. The troll claws you but does no damage.
The troll barely misses you.
You're too confused to move!
You feel less confused. The ogre completely misses you.
The troll bites you but does no damage. The troll claws you!
The troll closely misses you.
The two-headed ogre hits you with a +0 giant spiked club!! x2
* * * LOW HITPOINT WARNING * * *
Unknown command.
You feel much better. The ogre hits you with a +0 giant club!
* * * LOW HITPOINT WARNING * * *
The troll bites you.
* * * LOW HITPOINT WARNING * * *
The troll misses you. You block the troll's attack.
As you read the scroll of fear, it crumbles to dust.
You assume a fearsome visage.
The ogre looks frightened!
The two-headed ogre resists with some effort.
The troll looks frightened!
The ogre looks frightened!
The two-headed ogre hits you with a +0 giant spiked club!!
* * * LOW HITPOINT WARNING * * *
The two-headed ogre hits you with a +0 giant spiked club!
You die... ..#..... ........................ ..........O................ <............................
OT...........................

.O.......#...................
##...........................
........##.###.T................
.......##.#...{O@.............$#
....O.......)..O†...$.........#
..O.O......[.).....)[[)$......##
... ......[.........)[##.......#
#.....#....(..[[)..........#
.......####................#
...#..# #....[)$..[.[.....# ..
### ##..))<)$...[...... .
##.#..#...##.....#.#


You could see a two-headed ogre, a troll (fleeing) and 2 ogres.

Vanquished Creatures
  Jorgrun (D:12)
  Donald (Orc:2)
  The ghost of ballabu the Thaumaturge, a journeyman DsAl of Ashenzari (Orc:1)
  A fire dragon (Lair:5)
  Snorg (Orc:1)
  3 hydras
  3 boulder beetles
  A centaur warrior (D:12)
  A death knight (D:12)
  9 two-headed ogres
  Urug (Lair:5)
  A fire crab (D:12)
  2 deep trolls (Orc:2)
  A swamp dragon (Lair:5)
  2 deep elf pyromancers (D:12)
  3 ugly things
  A wolf spider (Lair:5)
  An orc sorcerer (Orc:1)
  4 cyclopes
  2 manticores (D:12)
  5 centaur zombies (D:10)
  3 elephants (Lair:4)
  A guardian serpent (Lair:5)
  A kobold blastminer (Orc:1)
  10 black mambas
  2 gargoyles (D:12)
  2 unseen horrors
  17 cane toads
  A yaktaur (D:12)
  2 unseen horror zombies (D:10)
  An efreet (D:12)
  3 kobold demonologists
  6 rime drakes
  8 komodo dragons
  11 trolls
  3 hornets
  2 tyrant leeches
  20 blink frogs
  11 dream sheep
  2 slime creatures (Lair:4)
  Sigmund (D:2)
  4 culicivoras (Lair:2)
  2 vampires
  A spriggan (shapeshifter) (D:12)
  8 shadows
  A spriggan (Bailey)
  45 yaks
  2 steam dragons
  5 basilisks
  A human (D:6)
  13 wyverns
  A warg (Orc:1)
  2 wraiths (D:10)
  4 redbacks
  3 vampire mosquitoes (D:12)
  A swamp worm (Lair:2)
  2 acid dragons
  25 water moccasins
  17 orc warriors
  2 black bears
  An ice beast (D:5)
  A swamp drake (Lair:5)
  16 ogres
  6 wolves (Lair:1)
  6 centaurs
  4 phantoms
  A kobold brigand (D:10)
  12 bullfrogs
  A gnoll sergeant (D:9)
  6 scorpions
  5 killer bees
  2 howler monkeys (D:12)
  3 bombardier beetles
  2 hounds
  20 orc priests
  3 jellies
  A human zombie (D:6)
  A human skeleton (D:6)
  8 hell rats
  12 iguanas
  20 orc wizards
  7 adders
  4 gnolls (D:9)
  3 shadow imps
  2 white imps
  2 dart slugs
  71 orcs
  4 ball pythons
  11 endoplasms
  6 hobgoblins
  2 jackals (D:2)
  5 quokkas
  3 bats (D:1)
  4 frilled lizards
  9 goblins
  11 kobolds
  3 rats
569 creatures vanquished.

Notes
Turn   | Place    | Note
-------+----------+-------------------------------------------
     0 | D:1      | Nattfarinn the Merfolk Shapeshifter began the quest for the
                  | Orb.
     0 | D:1      | Reached XP level 1. HP: 15/15 MP: 1/1
   331 | D:1      | Reached XP level 2. HP: 21/21 MP: 2/2
  1028 | D:2      | Identified the +2 robe of Qopn {rElec Str+3}
  1085 | D:2      | Reached skill level 5 in Shapeshifting
  1104 | D:2      | Found a shimmering altar of Xom.
  1114 | D:2      | Reached XP level 3. HP: 18/26 MP: 3/3
  1359 | D:2      | Noticed Sigmund
  1368 | D:2      | Killed Sigmund
  1369 | D:2      | Reached skill level 7 in Shapeshifting
  1369 | D:2      | Reached XP level 4. HP: 32/32 MP: 4/4
  1369 | D:2      | Reached XP level 5. HP: 37/37 MP: 5/5
  1801 | D:3      | Reached XP level 6. HP: 37/44 MP: 6/6
  1921 | D:3      | Found a hide-covered altar of Uskayaw.
  1948 | D:3      | Found a runed translucent door.
  1949 | D:3      | Noticed Crazy Yiuf
  2018 | D:3      | Found a stormy altar of Qazlal.
  2873 | D:4      | Found a blossoming altar of Fedhas.
  3085 | D:4      | Reached XP level 7. HP: 39/53 MP: 7/7
  3166 | D:4      | Noticed an oklob plant
  3593 | D:5      | Entered Level 5 of the Dungeon
  3651 | D:5      | Found an opulent altar of Gozag.
  3724 | D:5      | Reached skill level 5 in Fighting
  3724 | D:5      | Reached skill level 5 in Unarmed Combat
  3882 | D:5      | Found a staircase to the Ecumenical Temple.
  3889 | D:5      | Reached XP level 8. HP: 64/64 MP: 8/8
  3893 | Temple   | Entered the Ecumenical Temple
  4061 | D:5      | Found a sacrificial altar of Ru.
  4146 | D:6      | Found a runed translucent door.
  4283 | D:6      | Found a basalt altar of Yredelemnul.
  4509 | D:6      | Noticed a troll
  4520 | D:6      | Killed a troll
  4795 | D:6      | Reached XP level 9. HP: 64/75 MP: 9/9
  5693 | D:7      | Found an ornate altar of the Wu Jian Council.
  5706 | D:7      | Became a worshipper of the Wu Jian Council
  6328 | D:8      | Found a runed translucent door.
  6339 | D:8      | Noticed a two-headed ogre
  6348 | D:8      | Killed a two-headed ogre
  6349 | D:8      | Reached skill level 10 in Fighting
  6620 | D:8      | Reached skill level 8 in Shapeshifting
  6691 | D:8      | Found Pucalaffes's Changing Room.
  6766 | D:8      | Found a staircase to the Lair.
  6925 | D:9      | Reached skill level 9 in Shapeshifting
  6976 | D:9      | Reached XP level 10. HP: 41/86 MP: 10/10
  7073 | D:9      | Found a shimmering altar of Xom.
  7195 | D:9      | Found a flagged portal.
  7204 | D:9      | Reached skill level 10 in Shapeshifting
  7223 | Bailey   | Entered a bailey
  7323 | Bailey   | Reached * piety under Wu Jian
  7414 | Bailey   | Noticed a two-headed ogre
  7420 | Bailey   | Killed a two-headed ogre
  7421 | Bailey   | Reached skill level 11 in Shapeshifting
  7496 | Bailey   | Reached skill level 12 in Shapeshifting
  7508 | Bailey   | Identified the +6 broad axe of Anxiety {antimagic, rPois
                  | rF+ rN++ Int-2}
  7576 | D:9      | Noticed a two-headed ogre
  7583 | D:9      | Killed a two-headed ogre
  7596 | D:9      | Reached skill level 13 in Shapeshifting
  8052 | D:9      | Reached XP level 11. HP: 80/92 MP: 11/11
  8054 | D:9      | Reached skill level 14 in Shapeshifting
  8273 | D:9      | Found a staircase to the Orcish Mines.
  8617 | D:10     | Entered Level 10 of the Dungeon
  8769 | D:10     | Reached skill level 15 in Shapeshifting
  8771 | D:10     | Reached ** piety under Wu Jian
  9106 | D:10     | Reached skill level 16 in Shapeshifting
  9342 | D:10     | Found a glowing silver altar of Zin.
  9441 | D:10     | Noticed a sun demon
  9858 | D:10     | Found a shadowy altar of Dithmenos.
 10215 | D:11     | Reached skill level 17 in Shapeshifting
 10300 | D:11     | Noticed a two-headed ogre
 10304 | D:11     | Killed a two-headed ogre
 10331 | D:11     | Reached XP level 12. HP: 87/98 MP: 12/12
 10334 | D:11     | Noticed a sun demon
 10492 | D:11     | Reached skill level 18 in Shapeshifting
 10501 | D:11     | Reached *** piety under Wu Jian
 11256 | Lair:1   | Entered Level 1 of the Lair of Beasts
 11292 | Lair:1   | Noticed a four-headed hydra
 11294 | Lair:1   | Reached skill level 19 in Shapeshifting
 11310 | Lair:1   | Killed a four-headed hydra
 12177 | Lair:1   | Reached **** piety under Wu Jian
 12286 | Lair:1   | Reached skill level 20 in Shapeshifting
 12407 | Lair:1   | You fall into a shaft and drop 1 floor!
 12707 | Lair:2   | Reached XP level 13. HP: 83/106 MP: 13/13
 13175 | Lair:2   | Reached skill level 10 in Unarmed Combat
 13432 | Lair:2   | Found a staircase to the Swamp.
 13724 | Lair:2   | Found a hole to the Spider Nest.
 14432 | Lair:3   | Reached ***** piety under Wu Jian
 15444 | Lair:3   | Got the Essays on Effluvium
 15907 | Lair:4   | Found a viscous altar of Jiyva.
 15908 | Lair:4   | Found a staircase to the Slime Pits.
 16181 | Lair:5   | Entered Level 5 of the Lair of Beasts
 16569 | Lair:5   | Reached XP level 14. HP: 103/116 MP: 14/14
 16572 | Lair:5   | Paralysed by a hornet for 2 turns
 16935 | Lair:5   | Noticed Urug
 16942 | Lair:5   | Killed Urug
 17105 | Lair:5   | Identified the blade talisman of Death's Door {+Blink Fly
                  | rPois Dex-2}
 17990 | Lair:5   | Reached skill level 15 in Unarmed Combat
 19159 | D:12     | Noticed Jorgrun
 19170 | D:12     | Killed Jorgrun
 19644 | D:12     | Found a runed translucent door.
 19651 | D:12     | Reached ****** piety under Wu Jian
 19658 | D:12     | Found a runed translucent door.
 19933 | D:12     | Identified the ring of the Middle {rPois rCorr}
 20121 | D:12     | Identified the ring of Ignis's Scorn {Ice Str+4 Dex+2
                  | Stlth+}
 20503 | D:12     | Reached XP level 15. HP: 127/127 MP: 15/15
 20744 | D:12     | Found Mafurr's General Store.
 20746 | D:12     | Found Ugoevi Siju's Elemental Accessories.
 20882 | D:12     | Identified the staff of Tessuz {rC+ Will+ Str+5 Earth}
 21627 | Orc:1    | Entered Level 1 of the Orcish Mines
 21678 | Orc:1    | Reached skill level 5 in Dodging
 21716 | Orc:1    | You are sucked into a shaft and drop 1 floor!
 21716 | Orc:2    | Entered Level 2 of the Orcish Mines
 21716 | Orc:2    | Noticed Snorg
 21716 | Orc:2    | Found a staircase to the Elven Halls.
 22260 | Orc:1    | Found a runed translucent gate.
 22260 | Orc:1    | Found a runed translucent gate.
 22260 | Orc:1    | Found a runed translucent gate.
 22261 | Orc:1    | Noticed ballabu's ghost (journeyman DsAl)
 22420 | Orc:1    | Killed Snorg
 22555 | Orc:1    | Killed ballabu's ghost
 22624 | Orc:2    | Identified the +2 kite shield of Neujeor {rC- Will+ Stlth+}
 22624 | Orc:2    | Noticed Donald
 22734 | Orc:2    | Killed Donald
 23266 | Orc:2    | Reached skill level 10 in Dodging
 23294 | Orc:2    | HP: 6/127 [two-headed ogre/+0 giant spiked club (20)]
 23294 | Orc:2    | Mangled by a two-headed ogre

Illustrated notes

Levels and vault maps discovered:
D:1:      minmay_arrival_open_corners, layout_basic
D:2:      layout_rooms, basic_altar, uniq_sigmund
D:3:      layout_rooms, nicolae_uskayaw_suspiria, mainiacjoe_overflow_brackets,
          uniq_crazy_yiuf_cottage
D:4:      layout_rooms, tgw_fedhas
D:5:      layout_rooms, mainiacjoe_overflow_alcove_4,
          mainiacjoe_overflow_cross_hatched, minmay_temple_entry_purple_smoke
D:6:      layout_loops_corners, dk_yredelemnul_ordeal
D:7:      layout_rooms, nicolae_wu_jian_wuxing_cycle
D:8:      cheibrodos_histonic, layout_loops_cross,
          chequers_temple_overflow_statue_of_worship, lair_entry_dummy,
          nicolae_transmutations_shop
D:9:      layout_layer_cave, marbit_many_paths, hiddenorc1_lemuel,
          enter_bailey_5
D:10:     layout_basic, grunt_dithmenos_shadows, lemuel_tele_altar,
          serial_undead, serial_undead_f, serial_undead_a, serial_undead_a,
          serial_undead_c, minivault_26
D:11:     layout_loops_cross
D:12:     minmay_the_grid_triangle_9x9_rhombus_thin_mashed
          [minmay_the_grid_triangle_9x9_skeleton,
          minmay_the_grid_triangle_9x9_prize_center,
          minmay_the_grid_triangle_9x9_alien,
          minmay_the_grid_triangle_9x9_tough_junction], layout_basic,
          serial_shops, shop, nicolae_elemental_shop, uniq_jorgrun
Temple:   hellmonk_temple_of_storms
Lair:1:   beast_lair_carwin_large_1, layout_chaotic_city
Lair:2:   layout_roguey, minmay_swamp_entry_worms,
          nicolae_spider_entry_tight_spaces
Lair:3:   layout_regular_city, lemuel_fruit_tree
Lair:4:   layout_gridlike, minmay_slime_entry_pillars
Lair:5:   guppyfry_lair_end_dragon, layout_gridlike,
          hangedman_lair_tendril_chambers, lemuel_fruit_fields, uniq_urug
Orc:1:    layout_caves, ebering_ghost_rock_garden
Orc:2:    st_orc_open, layout_caves, gammafunk_ghost_necromancy, uniq_snorg,
          uniq_azrael, uniq_donald

Skill      XL: |  1  2  3  4  5  6  7  8  9 10 11 12 13 14 15 |
---------------+----------------------------------------------+-----
Shapeshifting  | 5 7 9 13 17 20 | 20.0
Fighting       | 2 3 6 8 10 11 12 14 | 14.5
Unarmed Combat | 4 5 6 8 9 13 16 | 16.3
Dodging        | 3 10 | 10.4

Action                     |  1- 3 |  4- 6 |  7- 9 | 10-12 | 13-15 || total
---------------------------+-------+-------+-------+-------+-------++-------
  Melee: Unarmed           |    61 |   107 |   335 |   442 |   604 ||  1549
         Punch             |     1 |     1 |       |    28 |    52 ||    82
         Tailslap          |       |       |     2 |       |     2 ||     4
Ability: Lunge             |       |       |     7 |    50 |    90 ||   147
         Whirlwind         |       |       |       |   112 |    67 ||   179
    Use: Potion            |     1 |       |     2 |     1 |     6 ||    10
         Scroll            |       |     2 |     6 |     5 |    11 ||    24
   Stab: Distracted        |       |       |       |       |     1 ||     1
 Armour: Animal skin       |    12 |       |       |       |       ||    12
         Skin              |    25 |    66 |   125 |    25 |       ||   241
         Robe              |       |       |       |   257 |   369 ||   626
  Dodge: Dodged            |    38 |    56 |   194 |   156 |   210 ||   654
  Block: Other             |       |     7 |    58 |    61 |    81 ||   207
         Reflection        |       |     1 |     5 |     2 |     3 ||    11
   Form: Flux              |     1 |       |       |       |       ||     1
         Blade             |       |       |       |     1 |     1 ||     2

Table legend: (Time is in decaauts)
 A = Elapsed time spent in this place.
 B = Non-inter-level travel time spent in this place.
 C = Inter-level travel time spent in this place.
 D = Time resting spent in this place.
 E = Time spent auto-exploring this place.
 F = Levels seen in this place.
 G = Mean time per level.
                   A        B        C        D        E       F      G
               +--------+--------+--------+--------+--------+-----+--------+
         Total |  23060 |  21274 |   1786 |   4756 |  13156 |  21 | 1098.1 |
       Dungeon |  13419 |  12298 |   1121 |   2430 |   8060 |  12 | 1118.2 |
        Temple |      1 |      1 |      0 |      0 |      0 |   1 |    1.0 |
          Lair |   7659 |   7056 |    603 |   1527 |   4524 |   5 | 1531.8 |
  Orcish Mines |   1653 |   1592 |     61 |    643 |    571 |   2 |  826.5 |
        Bailey |    327 |    327 |      0 |    156 |      0 |   1 |  327.0 |
               +--------+--------+--------+--------+--------+-----+--------+

Top non-repeatable levels by time:
  Lair:5: 2368 daAuts
    D:12: 2009 daAuts
     D:9: 1969 daAuts
  Lair:2: 1599 daAuts
   Orc:1: 1444 daAuts
  Lair:1: 1335 daAuts
  Lair:3: 1300 daAuts
     D:4: 1266 daAuts
     D:6: 1252 daAuts
    D:10: 1176 daAuts
  Lair:4: 1055 daAuts
    D:11: 1048 daAuts
     D:1: 1038 daAuts
     D:7: 1015 daAuts
     D:8: 839 daAuts
